 Dungeon Crawl Stone Soup version 0.30.0-18-gc0e69614cb (webtiles) character file.

Game seed: 8613401279973480576

203 Atelerd the Sneak (level 5, 0/31 HPs)
             Began as an Octopode Earth Elementalist on May 23, 2023.
             Slain by a gnoll
             ... wielding a +0 flail
             ... led by a gnoll bouda
              (10 damage)
             ... on level 4 of the Dungeon.
             The game lasted 00:04:05 (3074 turns).

Atelerd the Sneak (Octopode Earth Elementalist)     Turns: 3074, Time: 00:04:05

Health: 0/31       AC:  1    Str:  7    XL:     5   Next: 81%
Magic:  4/9        EV: 13    Int: 19    God:
Gold:   155        SH:  0    Dex: 13    Spells: 5/10 levels left

rFire   . . .        c - +0 dagger
rCold   . . .        (no shield)
rNeg    . . .        (helmet restricted)
rPois   .            (no amulet)
rElec   .            (no ring)
rCorr   .            (no ring)
SInv    .            (no ring)
Will    .....        (no ring)
Stlth   ++++         (no ring)
HPRegen 0.25/turn    (no ring)
MPRegen 0.11/turn    (no ring)
                     (no ring)

%: no passive effects
@: no status effects
A: almost no armour, amphibious, 8 rings, camouflage 1, gelatinous body 1,
(nimble swimmer 1), tentacles
a: no special abilities


You were on level 4 of the Dungeon.
You visited 1 branch of the dungeon, and saw 5 of its levels.

You collected 155 gold pieces.

Inventory:

Hand Weapons
 c - a +0 dagger (weapon)
Scrolls
 e - a scroll of noise {unknown}
 o - a scroll of brand weapon
Potions
 d - a potion of attraction
 f - a potion of flight {unknown}
 i - a potion of berserk rage {unknown}
 k - a potion of haste {unknown}
 m - a potion of lignification {unknown}
 n - a potion of degeneration {unknown}


   Skills:
 - Level 2.2 Dodging
 + Level 4.5 Stealth
 * Level 3.1 Spellcasting
 * Level 2.7 Transmutations
 * Level 4.0 Earth Magic


You had 5 spell levels left.
You knew the following spells:

 Your Spells              Type           Power      Damage    Failure   Level
a - Sandblast             Erth           36%        2d10      2%          1
p - Petrify               Tmut/Erth      15%        N/A       36%         4

Your spell library contained the following spells:

 Spells                   Type           Power      Damage    Failure   Level
 Passwall                 Tmut/Erth      12%        N/A       5%          2
 Wereblood                Tmut           13%        N/A       8%          2
 Stone Arrow              Conj/Erth      20%        3d8       19%         3
 Sublimation of Blood     Necr           3%         N/A       22%         2
 Summon Hydra             Summ           1%         N/A       100%        7


Dungeon Overview and Level Annotations

Branches:
Dungeon (5/15)
 Temple: D:4-7

Altars:

Shops:
D:1 =

Annotations:
D:4 exclusion: downstairs, Duvessa


Innate Abilities, Weirdness & Mutations

You cannot wear most types of armour.
You are amphibious.
You can wear up to eight rings at the same time.
Your skin changes colour to match your surroundings (Stealth+).
Your rubbery body absorbs attacks. (AC +1, EV +1)
((You are camouflaged when in or above water. (Stealth+)))
You have tentacles for arms and can constrict up to eight enemies at once.


Message History

The gnoll bouda hits you with a +0 club.
The gnoll closely misses you.
Casting: Sandblast (safe; 3% risk of failure)
Confirm with . or Enter, or press ? or * to list all spells.
Aiming: Sandblast (safe; 3% risk of failure)
Press: ? - help, Shift-Dir - straight line, f/p - gnoll bouda
Aim: a gnoll bouda, wielding a +0 club and wearing a +0 robe (almost dead, 84% to hit)
The blast of sand hits the gnoll bouda but does no damage.
The gnoll bouda is almost dead.
The gnoll bouda barks out a call to the hunt!
The gnoll picks up the pace!
The gnoll hits you with a +0 flail!
* * * LOW HITPOINT WARNING * * *
The gnoll bouda hits you with a +0 club.
* * * LOW HITPOINT WARNING * * *
You hear a shout!
You feel much better. The gnoll hits you with a +0 flail!
A gnoll comes into view. It is wielding a +0 halberd.
The gnoll bouda barks out a call to the hunt!
The gnoll picks up the pace!
Unknown command.
Unknown command.
Your attacks no longer feel as feeble.
Casting: Sandblast (safe; 3% risk of failure)
Confirm with . or Enter, or press ? or * to list all spells.
Aiming: Sandblast (safe; 3% risk of failure)
Press: ? - help, Shift-Dir - straight line, f/p - gnoll bouda
Aim: a gnoll bouda, wielding a +0 club and wearing a +0 robe (almost dead, 84% to hit)
The blast of sand hits the gnoll bouda!
You kill the gnoll bouda!
The gnoll closely misses you. The gnoll hits you with a +0 flail.
The gnoll completely misses you.
Unknown command.
As you read the scroll of fog, it crumbles to dust.
The scroll dissolves into smoke.
The gnoll barely misses you. The gnoll hits you with a +0 flail!
* * * LOW HITPOINT WARNING * * *
The gnoll barely misses you. The gnoll hits you with a +0 flail!
You die...

#...............#..##..........
#...####.....)###...###.#....#.
###.....##.......##...#.#.##.....
..#..#....#.#....#........##.....
.....#....g....#.....###.........
..†.##...##...####...............
........###...# #..#.......>....>
#.......#.##g####.####...........
............§§§#@......# ###..#..
#.....##....§§gg§..##..#####...#.
#.....####.###§§§.###....#.##.###
#...### #..####.§...#.#..)......#
..#.†## ##..# ####....####......#
..#...###.†.######....##.........
..............##.#...###.........
...#..#....#.........#..........)
. #.##...###.......##...........


You could see 2 gnolls.

Vanquished Creatures
  A scorpion (D:4)
  A hound (D:4)
  A gnoll bouda (D:4)
  An adder (D:2)
  A worm (D:2)
  A dart slug (D:4)
  2 orcs
  3 bats
  9 endoplasms
  2 giant cockroaches
  9 goblins
  12 hobgoblins
  2 jackals (D:4)
  5 quokkas
  7 ball pythons
  A frilled lizard (D:3)
  3 kobolds
  2 rats (D:3)
63 creatures vanquished.

Notes
Turn   | Place    | Note
-------+----------+-------------------------------------------
     0 | D:1      | Atelerd the Octopode Earth Elementalist began the quest for
                  | the Orb.
     0 | D:1      | Reached XP level 1. HP: 11/11 MP: 3/3
   125 | D:1      | Found Cinoylec's Jewellery Emporium.
   146 | D:1      | You fall into a shaft and drop 1 floor!
   207 | D:2      | Reached XP level 2. HP: 17/17 MP: 0/5
   396 | D:2      | Reached XP level 3. HP: 10/21 MP: 3/6
  1874 | D:3      | Reached XP level 4. HP: 21/27 MP: 1/7
  2526 | D:4      | Learned a level 4 spell: Petrify
  2551 | D:4      | Noticed Duvessa
  2561 | D:5      | Entered Level 5 of the Dungeon
  2574 | D:5      | Noticed a phantom
  2574 | D:5      | Noticed an orc warrior
  2833 | D:4      | Noticed a scorpion
  2875 | D:4      | Reached XP level 5. HP: 31/31 MP: 0/9
  3074 | D:4      | Slain by a gnoll

Illustrated notes

Levels and vault maps discovered:
D:1:      tarquinn_simple_flora_water_b, layout_basic, serial_shops,
          nicolae_shop_crystal
D:2:      cheibrodos_old_hovel, layout_loops_ring, uniq_crazy_yiuf_cottage
D:3:      layout_loops_ring, minmay_surrounded
D:4:      layout_cave_pools, kennysheep_mini_moat, uniq_duvessa
D:5:      layout_cave_pods, nicolae_concentric_dashed_squares_mild

Skill      XL: |  1  2  3  4  5 |
---------------+----------------+-----
Stealth        | 3 4 |  4.5
Transmutations | 2 |  2.7
Spellcasting   | 3 |  3.1
Earth Magic    | 4 |  4.0
Dodging        | |  2.2

Action                     |  1- 3 |  4- 6 || total
---------------------------+-------+-------++-------
  Melee: Unarmed           |     4 |       ||     4
         Tentacles         |     5 |     3 ||     8
         Constrict         |     5 |     1 ||     6
         Dagger            |    12 |     9 ||    21
   Cast: Sandblast         |    42 |    34 ||    76
         Petrify           |       |     3 ||     3
    Use: Potion            |       |     8 ||     8
         Scroll            |       |     5 ||     5
   Stab: Sleeping          |     3 |     2 ||     5
         Petrified         |       |     3 ||     3
 Armour: Skin              |     2 |       ||     2
  Dodge: Dodged            |    19 |    13 ||    32
